 Dungeon Crawl Stone Soup version 0.32-a0-612-g1c984fe9d1 (webtiles) character file.

Game seed: 9899833799737755121

34 javelincjr the Grasshopper (level 3, 0/26 (28) HPs)
             Began as a Demonspawn Warper on Mar 4, 2024.
             Slain by Crazy Yiuf
             ... wielding a +2 quarterstaff of chaos
              (2 damage)
             ... on level 2 of the Dungeon.
             The game lasted 00:03:51 (1209 turns).

javelincjr the Grasshopper (Demonspawn Warper)      Turns: 1209, Time: 00:03:51

HP:   0/26 (28)     AC:  4    Str: 13    XL:     3   Next: 14%
MP:   6/6           EV: 12    Int: 13    God:
Gold: 147           SH:  0    Dex: 12    Spells: 6/6 levels left

rFire   . . .        q - +1 long sword (freeze)
rCold   . . .        (no shield)
rNeg    . . .        b - +0 leather armour
rPois   .            (no helmet)
rElec   .            (no cloak)
rCorr   .            r - +0 pair of gloves
SInv    .            (no boots)
Will    .....        (no amulet)
Stlth   +            (no ring)
HPRegen 0.24/turn    (no ring)
MPRegen 0.20/turn

%: no passive effects
@: lethally poisoned (0 -> -14), drained
A: magic regeneration, sturdy frame 1
a: no special abilities


You were on level 2 of the Dungeon.
You visited 1 branch of the dungeon, and saw 2 of its levels.

You collected 147 gold pieces.

Inventory:

Hand Weapons
 a - a +0 spear
 p - a +0 trident
 q - a +1 long sword of freezing (weapon)
Missiles
 d - 7 darts of dispersal
 i - 7 poisoned darts (quivered)
 n - 6 javelins
Armour
 b - a +0 leather armour (worn)
 g - a +0 ring mail
 r - a +0 pair of gloves (worn)
 s - a +0 chain mail
Jewellery
 u - a ring of ice
Scrolls
 c - 2 scrolls of blinking
 f - a scroll of revelation {unknown}
 l - 3 scrolls of teleportation
 m - a scroll of immolation {unknown}
 o - a scroll of poison {unknown}
Potions
 h - 2 potions of curing
 j - 2 potions of brilliance
 k - a potion of berserk rage {unknown}
 t - a potion of might {unknown}


   Skills:
 * Level 2.4 Fighting
 + Level 2.1 Polearms
 - Level 0.8 Throwing
 + Level 1.4 Armour
 + Level 2.0 Dodging
 + Level 2.1 Spellcasting
 + Level 2.9 Translocations


You had 6 spell levels left.
You didn't know any spells.
Your spell library contained the following spells:

 Spells                   Type           Power      Damage    Failure   Level
 Blink                    Tloc           16%        N/A       12%         2
 Lesser Beckoning         Tloc           16%        N/A       12%         2
 Teleport Other           Tloc           8%         N/A       24%         3
 Manifold Assault         Tloc           8%         N/A       61%         4
 Vhi's Electric Charge    Tloc/Air       10%        N/A       82%         4


Dungeon Overview and Level Annotations

Branches:
Dungeon (2/15)

Altars:
Gozag

Annotations:
D:2 Crazy Yiuf


Innate Abilities, Weirdness & Mutations

You regenerate magic rapidly.
Your movements are slightly less encumbered by armour. (ER -2)


Message History

You kill the rat!
No target in view!
No target in view!
You see here a ball python corpse.
Found a stone staircase leading down.
Found a leather armour.
c - 2 scrolls of blinking (gained 1)
You see here a +0 leather armour.
You now have 147 gold pieces (gained 9).
Found a hammer.
Found a runed translucent door.
Crazy Yiuf shouts!
Crazy Yiuf cries, "Cod testudinal shrimp!"
Okay, then.
As you read the scroll labelled LIUNOU KUEMM, it crumbles to dust.
You feel strangely unstable.
It was a scroll of teleportation.
As you read the scroll labelled KELINOSUAWK, it crumbles to dust.
It is a scroll of identify.
j - 2 potions of brilliance
As you read the scroll of identify, it crumbles to dust.
h - 2 potions of curing
Okay, then.
Your surroundings suddenly seem different.
You see here a rat skeleton.
You see here 3 stones.
You see here a ball python corpse.
You open the door.
Throw: 8 darts (poison)
Press: ? - help, Q - select action, (/) - cycle Shift-Dir - straight line, f - Crazy Yiuf
Aim: Crazy Yiuf, wielding a +2 quarterstaff of chaos and wearing a +0 cloak (58% to hit)
You throw a poisoned dart.
The poisoned dart barely misses Crazy Yiuf.
Crazy Yiuf hits you with a +2 quarterstaff of chaos!
You feel drained.
You barely miss Crazy Yiuf.
Crazy Yiuf hits you with a +2 quarterstaff of chaos!
You are lethally poisoned!
Crazy Yiuf hits you with a +2 quarterstaff of chaos!
* * * LOW HITPOINT WARNING * * *
Crazy Yiuf burns you.
You die...

####### #<.....
#.##### #.# #.#
####♣♣ ### #[#
##....♣♣ ♣♣#..)#
#.#
#^.....♣♣♣♣@g..(#
#.#
#.......♣..♣#...#
####.#
#......♣.♣♣♣ ###
#....#####
##.##♣♣♣♣♣
#......... #.#
#.........
#.##############
#.....###.
#.#.........##.#
#.##..###†
#........##.##.#
#.....(...
###.#...###.##.#
###...###.


You could see Crazy Yiuf.

Vanquished Creatures
  A dart slug (D:2)
  6 ball pythons
  5 endoplasms
  A giant cockroach (D:1)
  2 goblins
  2 hobgoblins (D:1)
  2 kobolds (D:1)
  A quokka (D:2)
  4 bats
  2 frilled lizards (D:1)
  4 rats
30 creatures vanquished.

Notes
Turn   | Place    | Note
-------+----------+-------------------------------------------
     0 | D:1      | javelincjr the Demonspawn Warper began the quest for the
                  | Orb.
     0 | D:1      | Reached XP level 1. HP: 16/16 MP: 3/3
    20 | D:1      | Reached skill level 1 in Armour
    97 | D:1      | Gained mutation: You regenerate magic rapidly. [demonic
                  | ancestry]
    97 | D:1      | Reached XP level 2. HP: 22/22 MP: 5/5
   584 | D:2      | Found an opulent altar of Gozag.
   968 | D:2      | Gained mutation: Your movements are slightly less
                  | encumbered by armour. (ER -2) [demonic ancestry]
   968 | D:2      | Reached XP level 3. HP: 28/28 MP: 6/6
  1122 | D:2      | Found a runed translucent door.
  1123 | D:2      | Noticed Crazy Yiuf
  1209 | D:2      | Slain by Crazy Yiuf

Illustrated notes

Levels and vault maps discovered:
D:1:      dpeg_arrival_fog, layout_rooms, minmay_hexomino_c4
D:2:      layout_loops_ring, basic_altar, uniq_crazy_yiuf_cottage

Skill      XL: |  1  2 |
---------------+-------+-----
Armour         | 1 |  1.4
Polearms       | 2 |  2.1
Dodging        | 2 |  2.0
Fighting       | |  2.4
Throwing       | |  0.8
Spellcasting   | |  2.1
Translocations | |  2.9

Action                     || total
---------------------------++-------
  Melee: Spear             ||    66
         Long sword        ||    28
  Throw: Dart              ||     1
    Use: Scroll            ||     3
 Armour: Leather armour    ||    55
  Dodge: Dodged            ||    49

Table legend: (Time is in decaauts)
 A = Elapsed time spent in this place.
 B = Non-inter-level travel time spent in this place.
 C = Inter-level travel time spent in this place.
 D = Time resting spent in this place.
 E = Time spent auto-exploring this place.
 F = Levels seen in this place.
 G = Mean time per level.
                   A        B        C        D        E       F      G
               +--------+--------+--------+--------+--------+-----+--------+
         Total |   1219 |   1216 |      3 |      0 |    944 |   2 |  609.5 |
       Dungeon |   1219 |   1216 |      3 |      0 |    944 |   2 |  609.5 |
               +--------+--------+--------+--------+--------+-----+--------+

Top non-repeatable levels by time:
     D:2: 669 daAuts
     D:1: 549 daAuts
